 Dungeon Crawl Stone Soup version 0.29.0-13-gc9e81de378 (webtiles) character file.

Game seed: 16007759502507743803

51 Frenzy the Chopper (level 3, -3/33 HPs)
             Began as a Hill Orc Chaos Knight on Sept 7, 2022.
             Was a Plaything of Xom.
             Slain by a phantom (4 damage)
             ... on level 4 of the Dungeon.
             The game lasted 00:08:02 (1116 turns).

Frenzy the Chopper (Hill Orc Chaos Knight)          Turns: 1116, Time: 00:08:02

Health: -3/33      AC:  5    Str: 18    XL:     3   Next: 81%
Magic:  3/3        EV:  7    Int: 12    God:    Xom [*.....]
Gold:   45         SH:  9    Dex: 10    Spells: 2/2 levels left

rFire   . . .      SeeInvis .   a - +0 hand axe (chaos)
rCold   . . .      Faith    .   f - +0 tower shield
rNeg    + . .      Spirit   .   b - +2 leather armour
rPois   .          Reflect  .   (no helmet)
rElec   .          Harm     .   (no cloak)
rCorr   .          Rampage  .   (no gloves)
Will    .....                   (no boots)
Stlth   +.........              (no amulet)
HPRegen 0.11/turn               g - ring of Fij Jung {rN+ Str+2}
MPRegen 0.08/turn               (no ring)

@: no status effects
A: no striking features
a: Renounce Religion


You were on level 4 of the Dungeon.
You worshipped Xom.
You were a special plaything of Xom.
You visited 1 branch of the dungeon, and saw 3 of its levels.

You collected 45 gold pieces.

Inventory:

Hand Weapons
 a - a +0 hand axe of chaos (weapon)
Armour
 b - a +2 leather armour (worn)
 e - an orb of light
 f - a +0 tower shield (worn)
Jewellery
 g - the ring of Fij Jung (left hand) {rN+ Str+2}
   (You found it on level 4 of the Dungeon)

   [ring of positive energy]

   Str:       It affects your strength (+2).
   rN:        It protects you from negative energy.
Wands
 d - a wand of roots (1)
Scrolls
 j - 2 scrolls of identify
Potions
 h - a potion of haste
 i - a potion of heal wounds {unknown}
Miscellaneous
 c - a piece from Xom's chessboard (14/15) (quivered)


   Skills:
 + Level 4.1 Fighting
 + Level 5.3 Axes
 + Level 2.2 Armour
 + Level 1.2 Dodging
 + Level 0.1 Stealth
 + Level 0.4 Shields


You had 2 spell levels left.
You didn't know any spells.
Your spell library contained the following spells:

 Spells                   Type           Power      Damage    Failure   Level
 Gell's Gravitas          Tloc           0%         N/A       100%        3
 Lesser Beckoning         Tloc           0%         N/A       100%        3
 Teleport Other           Tloc           0%         N/A       100%        3
 Malign Gateway           Summ/Tloc      0%         N/A       100%        7
 Summon Horrible Things   Summ           0%         N/A       100%        8


Dungeon Overview and Level Annotations

Branches:
Dungeon (4/15)
 Temple: D:4-7

Altars:


Message History

The phantom barely misses you.
You hit the phantom.
The phantom is heavily damaged.
The phantom hits you! The phantom barely misses you.
You hit the phantom.
The phantom is severely damaged.
You block the phantom's attack.
You barely miss the phantom.
The phantom is severely damaged.
The phantom hits you but does no damage.
The phantom hits you!
* * * LOW HITPOINT WARNING * * *
You hit the phantom but do no damage.
The phantom is severely damaged.
The phantom closely misses you. The phantom barely misses you.
You miss the phantom.
The phantom is severely damaged.
The phantom barely misses you.
You hit the phantom.
The phantom resists with almost no effort.
The phantom is severely damaged.
The phantom hits you.
* * * LOW HITPOINT WARNING * * *
The phantom blinks!
You blink.
Found 4 stones.
The phantom hits you but does no damage.
You hit the phantom. You burn the phantom.
The phantom is almost destroyed.
The phantom hits you but does no damage.
The phantom hits you.
* * * LOW HITPOINT WARNING * * *
You miss the phantom.
The phantom is almost destroyed.
The phantom hits you.
* * * LOW HITPOINT WARNING * * *
The phantom hits you.
* * * LOW HITPOINT WARNING * * *
You closely miss the phantom.
The phantom is almost destroyed.
The phantom hits you.
You die...

#.....).#...##........#
##........###..........
##......†....#..........
##....>..................
.............^....###~..~
##.......##..#...#...#≈~#
#......###.##...#.⌠.#≈≈#
#...............#...#≈≈#
##......@...#.!...###≈≈≈≈
........W...........≈≈≈≈≈
......##.###........≈≈≈≈~
..... #.##.......###~≈≈≈
(... ..##..#.#.#...#≈≈#
... ..##...#.#.#.⌠.#≈≈ ..
#.# ..##... .. #≈~ . ..
#.. . .. #.# ... . #..


You could see a phantom.

Vanquished Creatures
  An adder (D:1)
  A worm (D:4)
  5 dart slugs (D:1)
  An orc (D:4)
  5 endoplasms
  4 giant cockroaches
  2 goblins (D:1)
  A hobgoblin (D:1)
  A quokka (D:1)
  2 ball pythons (D:1)
  3 kobolds (D:1)
  A rat (D:1)
27 creatures vanquished.

Notes
Turn   | Place    | Note
-------+----------+-------------------------------------------
     0 | D:1      | Frenzy the Hill Orc Chaos Knight began the quest for the
                  | Orb.
     0 | D:1      | Reached XP level 1. HP: 19/19 MP: 1/1
   335 | D:1      | XOM: silly message
   347 | D:1      | Reached skill level 1 in Dodging
   347 | D:1      | Reached XP level 2. HP: 26/27 MP: 2/2
   511 | D:1      | Found a faded altar of an unknown god.
   511 | D:1      | XOM: 1-stop teleportation journey
   571 | D:1      | XOM: enchant monster (bad)
   584 | D:1      | Reached XP level 3. HP: 32/33 MP: 3/3
   708 | D:1      | XOM: polymorph endoplasm -> adder
   720 | D:1      | Reached skill level 5 in Axes
  1037 | D:2      | You fall into a shaft and drop 2 floors!
  1068 | D:4      | Identified the ring of Fij Jung {rN+ Str+2}
  1097 | D:4      | Noticed a phantom
  1115 | D:4      | HP: 1/33 [phantom (2)]
  1116 | D:4      | Slain by a phantom

Illustrated notes

Levels and vault maps discovered:
D:1:      eino_arrival_cavern_d, layout_basic, basic_ecumenical_altar
D:2:      layout_loops_ring, basic_altar, serial_shops,
          nicolae_shop_hallway_plus, uniq_crazy_yiuf_cottage
D:4:      layout_rooms, fountainhead, st_stairs_7

Skill      XL: |  1  2  3 |
---------------+----------+-----
Dodging        | 1 |  1.2
Fighting       | 4 |  4.1
Axes           | 5 |  5.3
Armour         | |  2.2
Stealth        | |  0.1
Shields        | |  0.4

Action                   || total
-------------------------++-------
Melee: Hand axe          ||    90
Evoke: Piece from Xom's  ||     1
  Use: Scroll            ||     3
       Potion            ||     1
Armor: Leather armour    ||    28
Dodge: Dodged            ||    36
Block: Tower shield      ||    22
